 Dungeon Crawl Stone Soup version 0.31-a0-234-gad7ace16ef (webtiles) character file.

Game seed: 7572109398176693379

57 qw the Shooter (level 3, -9/30 HPs)
             Began as a Minotaur Hexslinger on July 9, 2023.
             Killed by divine providence
             ... invoked by an orc priest
              (12 damage)
             ... on level 2 of the Dungeon.
             The game lasted 00:00:15 (582 turns).

qw the Shooter (Minotaur Hexslinger)                 Turns: 582, Time: 00:00:15

Health: -9/30      AC:  2    Str: 12    XL:     3   Next: 73%
Magic:  3/3        EV: 12    Int: 10    God:
Gold:   44         SH:  0    Dex: 14    Spells: 3/4 levels left

rFire   . . .        Y - +2 sling
rCold   . . .        (no shield)
rNeg    . . .        c - +0 robe
rPois   .            (helmet restricted)
rElec   .            (no cloak)
rCorr   .            (no gloves)
SInv    .            (no boots)
Will    .....        (no amulet)
Stlth   +            (no ring)
HPRegen 0.25/turn    (no ring)
MPRegen 0.08/turn

%: no passive effects
@: no status effects
A: horns 2, retaliatory headbutt
a: no special abilities


You were on level 2 of the Dungeon.
You visited 1 branch of the dungeon, and saw 2 of its levels.

You collected 44 gold pieces.


Innate Abilities, Weirdness & Mutations

You have a pair of horns on your head.
You reflexively headbutt those who attack you in melee.


   Skills:
 - Level 2.4 Fighting
 + Level 4.0 Ranged Weapons
 - Level 2.1 Dodging
 - Level 1.0 Spellcasting
 - Level 2.0 Hexes


You had 3 spell levels left.
You knew the following spells:

 Your Spells              Type           Power      Damage    Failure   Level
a - Slow                  Hex            16%        N/A       16%         1

Your spell library contained the following spells:

 Spells                   Type           Power      Damage    Failure   Level
 Inner Flame              Hex/Fire       2%         N/A       56%         3
 Portal Projectile        Hex/Tloc       4%         N/A       56%         3
 Cause Fear               Hex            2%         N/A       83%         4

Inventory:

Hand Weapons
 Y - a +2 sling (weapon)
Armour
 c - a +0 robe (worn)

Dungeon Overview and Level Annotations

Branches:
Dungeon (2/15)

Altars:


Message History

The orc priest looks encouraged for a moment.
The orc priest hits you but does no damage.
You shoot a sling bullet. The sling bullet hits the orc priest.
The orc priest is almost dead.
The orc priest hits you but does no damage.
The orc priest barely misses you. You furiously retaliate!
You headbutt the orc priest!
You kill the orc priest!
The orc priest mumbles some strange prayers to Beogh against you.
Pain shoots through your body!
Your Ranged Weapons skill increases to level 4!
You shoot a sling bullet.
The sling bullet completely misses the orc priest.
The orc barely misses you. The orc priest barely misses you.
You shoot a sling bullet.
The sling bullet barely misses the orc priest.
The sling bullet hits the orc.
The orc is heavily wounded.
The orc hits you but does no damage.
The orc priest calls upon Beogh to heal the orc.
The orc's wounds heal themselves!
You shoot a sling bullet.
The sling bullet closely misses the orc priest.
The sling bullet hits the orc.
The orc is moderately wounded.
The orc hits you with a +0 dagger.
The orc priest hits you with a +0 hand axe.
The orc hits you with a +0 dagger.
You shoot a sling bullet.
The sling bullet hits the orc priest but does no damage.
The orc priest calls upon Beogh to heal the orc.
The orc's wounds heal themselves!
The orc hits you with a +0 dagger.
You shoot a sling bullet.
The sling bullet barely misses the orc priest.
The sling bullet completely misses the orc.
The orc priest barely misses you. You furiously retaliate!
You headbutt the orc priest! The orc hits you with a +0 dagger.
The orc priest mumbles some strange prayers to Beogh against you.
Beogh smites you!
You die...

.........# .~...~....
.........# ......... .
......... ...
.~...~)o# ...#
.....ooo#
#..#########@#
##...........######
#.>.)...............
###..#.#.###.########.
.....#.#.# #.#
.#...#...# #.#
#....###.# #.#
.....##.# #.#
#..%.###.#


You could see an orc priest and 3 orcs.

Vanquished Creatures
  An orc priest (D:2)
  An adder (D:2)
  A dart slug (D:1)
  2 orcs (D:2)
  2 ball pythons (D:1)
  A bat (D:1)
  A giant cockroach (D:2)
  3 goblins (D:1)
  2 frilled lizards (D:1)
  2 rats (D:1)
16 creatures vanquished.

Notes
Turn   | Place    | Note
-------+----------+-------------------------------------------
     0 | D:1      | qw the Minotaur Hexslinger began the quest for the Orb.
     0 | D:1      | Reached XP level 1. HP: 16/16 MP: 1/1
     0 | D:1      | 0 ||| qw: Version: 0.3-a-51-g015441d
     0 | D:1      | 0 ||| qw: Game counter: 4227
     0 | D:1      | 0 ||| qw: Melee chars always use a shield: true
     0 | D:1      | 0 ||| qw: God list: Okawaru
     0 | D:1      | 0 ||| qw: Allow faded altars: false
     0 | D:1      | 0 ||| qw: Do Orc after clearing Dungeon:15 true
     0 | D:1      | 0 ||| qw: Do second Lair branch before Depths: true
     0 | D:1      | 0 ||| qw: Lair rune preference: random
     0 | D:1      | 0 ||| qw: Goals: Normal
     0 | D:1      | 0 ||| PLANNING D:1-11
    66 | D:1      | Reached skill level 3 in Ranged Weapons
    66 | D:1      | Reached XP level 2. HP: 23/23 MP: 2/2
   458 | D:1      | 458 ||| READING scroll labelled NECKOTIOSTRYI.
   459 | D:1      | 459 ||| READING scroll labelled QEWAINO ZITWI.
   460 | D:1      | 460 ||| READING scroll labelled LOESOOTWUCS.
   461 | D:1      | 461 ||| READING scroll labelled JANEELIGOO.
   462 | D:1      | 462 ||| READING scroll labelled NITICA OLAWUTH.
   463 | D:1      | 463 ||| DRINKING 2 sapphire potions.
   464 | D:1      | 464 ||| DROPPING scroll of poison.
   465 | D:1      | 465 ||| DROPPING potion of brilliance.
   569 | D:2      | 569 ||| Stepping ~*~*~tactically~*~*~ (outnumbered).
   571 | D:2      | 571 ||| Stepping ~*~*~tactically~*~*~ (outnumbered).
   574 | D:2      | Reached XP level 3. HP: 30/30 MP: 3/3
   578 | D:2      | Reached skill level 4 in Ranged Weapons
   580 | D:2      | HP: 6/30 [orc/+0 dagger (3)]
   582 | D:2      | Killed from afar by an orc priest

Levels and vault maps discovered:
D:1:      minmay_arrival_diagonal_passages, layout_rooms,
          kennysheep_small_spiral
D:2:      cheibrodos_pilgrimage, layout_loops_ring,
          hellmonk_ecumenical_altar_watching_god, dk_noncrumbling_3

Skill      XL: |  1  2  3 |
---------------+----------+-----
Ranged Weapons | 3 4 |  4.0
Fighting       | 2 |  2.4
Dodging        | |  2.1
Spellcasting   | |  1.0
Hexes          | |  2.0

Action                     || total
---------------------------++-------
   Fire: Sling             ||    49
    Use: Scroll            ||     5
         Potion            ||     1
 Armour: Robe              ||     5
  Dodge: Dodged            ||    10

Table legend:
 A = Non-vault XP
 B = Vault XP
 C = Vault XP percentage of total XP
 D = Non-vault monster count
 E = Vault monster count
 F = Vault count percentage of total count
                 A         B        C        D         E       F
            +---------+---------+-------+---------+---------+-------
      Total |      35 |      47 |  57.3 |      13 |       3 |  18.8
            +---------+---------+-------+---------+---------+-------
        D:1 |      20 |       0 |   0.0 |      11 |       0 |   0.0
        D:2 |      15 |      47 |  75.8 |       2 |       3 |  60.0
            +---------+---------+-------+---------+---------+-------
